 Dungeon Crawl Stone Soup version 0.27.0-1-g7a089689b8 (webtiles) character file.

Game seed: 1643299202127625056

13 ZenoRockbell the Covered (level 2, 0/25 HPs)
             Began as a Demigod Fighter on Aug 7, 2021.
             Frozen to death by an endoplasm (2 damage)
             ... on level 1 of the Dungeon.
             The game lasted 00:02:53 (914 turns).

ZenoRockbell the Covered (Demigod Fighter)           Turns: 914, Time: 00:02:54

Health: 0/25       AC:  6    Str: 17    XL:     2   Next: 12%
Magic:  4/4        EV:  7    Int: 10    God:
Gold:   39         SH:  9    Dex: 13    Spells: 1/1 levels left

rFire    . . .     SeeInvis .   a - +0 trident
rCold    . . .     Faith    .   c - +0 kite shield
rNeg     . . .     Spirit   .   b - +0 scale mail
rPois    .         Reflect  .   (no helmet)
rElec    .         Harm     .   (no cloak)
rCorr    .         Rampage  .   (no gloves)
Will     .....                  (no boots)
Stlth    ..........             (no amulet)
HPRegen  0.08/turn              (no ring)
MPRegen  0.09/turn              (no ring)

@: no status effects
A: high mp 1, forlorn
a: no special abilities


You were on level 1 of the Dungeon.
You visited 1 branch of the dungeon, and saw 1 of its levels.

You collected 39 gold pieces.

Inventory:

Hand Weapons
 a - a +0 trident (weapon)
Armour
 b - a +0 scale mail (worn)
 c - a +0 kite shield (worn)
Scrolls
 g - a scroll of immolation
Potions
 d - a potion of might
 e - a potion of haste {unknown}
 f - a potion of curing {unknown}


   Skills:
 * Level 2.9 Fighting
 * Level 1.8 Polearms
 * Level 2.9 Armour
 * Level 0.2 Dodging
 * Level 2.9 Shields


You had one spell level left.
You didn't know any spells.
Your spell library contained the following spells:

 Spells                   Type           Power      Damage    Failure   Level
 Corona                   Hex            0%         N/A       99%         1
 Ensorcelled Hibernation  Hex/Ice        0%         N/A       100%        2
 Tukima's Dance           Hex            0%         N/A       100%        3


Dungeon Overview and Level Annotations

Branches:
Dungeon (1/15)


Innate Abilities, Weirdness & Mutations

Your attributes grow dramatically as you level up.
You have an increased reservoir of magic. (+10% MP)
You shall have no god before yourself.


Message History

The hobgoblin shouts!
An endoplasm comes into view.
The endoplasm quivers.
Your scale mail prevents you from hitting the endoplasm.
The hobgoblin closely misses you. You block the endoplasm's attack.
You block the hobgoblin's attack. The endoplasm closely misses you.
You hit the endoplasm but do no damage.
A goblin comes into view. It is wielding a +0 dagger.
The hobgoblin hits you. The endoplasm freezes you.
You are frozen.
The goblin shouts!
You hit the endoplasm.
The endoplasm is lightly wounded.
The hobgoblin hits you. The endoplasm freezes you.
You are frozen.
The endoplasm completely misses you.
The hobgoblin hits you but does no damage.
The endoplasm freezes you.
You are frozen.
You barely miss the endoplasm.
The endoplasm is lightly wounded.
The endoplasm hits you. The hobgoblin hits you. The endoplasm freezes you.
You are frozen.
* * * LOW HITPOINT WARNING * * *
You barely miss the endoplasm.
The endoplasm is lightly wounded.
The endoplasm barely misses you. The hobgoblin barely misses you.
The endoplasm barely misses you.
The endoplasm hits you but does no damage.
Unknown command.
Your shield and scale mail prevent you from hitting the endoplasm.
The endoplasm is lightly wounded.
The endoplasm barely misses you. The endoplasm hits you.
* * * LOW HITPOINT WARNING * * *
The hobgoblin hits you but does no damage.
The endoplasm freezes you.
You are frozen.
You die...

.................................
..)....###..........#..#...#.....
...##### #####......#..#...#.....
...# #..###)#..#...#.# # ...#
.####.._..........†.#### ...#
........................ ...#
........................ ...#
..!..................... ...#
......J@J............... ...
......gg................ ...
........................ ...
........................ ...
.....#......#........... .
.....##.....#....... #...
#.....#.(..... #...
##.####.......


You could see 2 endoplasms, a hobgoblin and a goblin.

Vanquished Creatures
  A ball python (D:1)
  2 bats (D:1)
  3 goblins (D:1)
  2 jackals (D:1)
  A kobold (D:1)
  2 rats (D:1)
  2 bushes (D:1)
13 creatures vanquished.

Vanquished Creatures (others)
  A plant (D:1)
1 creature vanquished.

Grand Total: 14 creatures vanquished

Notes
Turn   | Place    | Note
-------+----------+-------------------------------------------
     0 | D:1      | ZenoRockbell the Demigod Fighter began the quest for the
                  | Orb.
     0 | D:1      | Reached XP level 1. HP: 18/18 MP: 3/3
   794 | D:1      | Reached XP level 2. HP: 21/25 MP: 4/4
   914 | D:1      | Frozen to death by an endoplasm

Illustrated notes

Levels and vault maps discovered:
D:1:      psy_arrival_conway, layout_basic, hellmonk_ecumenical_altar_lost_god

Action                   || total
-------------------------++-------
Melee: Trident           ||   324
  Use: Scroll            ||     1
Armor: Scale mail        ||    73
Dodge: Dodged            ||    40
Block: Kite shield       ||    74
